 Dungeon Crawl Stone Soup version 0.31-a0-358-gac0dbeb3ab (webtiles) character file.

Game seed: 16113337358989005161

30 AdnanSaban the Trooper (level 3, -5/24 HPs)
             Began as a Gargoyle Fighter on July 26, 2023.
             Slain by a hobgoblin (6 damage)
             ... led by Robin
             ... on level 2 of the Dungeon.
             The game lasted 00:00:57 (937 turns).

AdnanSaban the Trooper (Gargoyle Fighter)            Turns: 937, Time: 00:00:58

Health: -5/24      AC: 11    Str: 21    XL:     3   Next: 18%
Magic:  3/3        EV:  9    Int:  8    God:
Gold:   13         SH:  4    Dex:  9    Spells: 2/2 levels left

rFire   . . .        a - +0 flail
rCold   . . .        c - +0 buckler
rNeg    + . .        b - +0 scale mail
rPois   ∞            (no helmet)
rElec   +            (no cloak)
rCorr   .            j - +0 pair of gloves
SInv    .            (no boots)
Will    .....        (no amulet) Stlth
                     (no ring)
HPRegen 0.24/turn    (no ring)
MPRegen 0.08/turn

%: no passive effects
@: no status effects
A: sickness immunity, AC +3, negative energy resistance 1, electricity
resistance, torment resistance 1, petrification resistance
a: no special abilities


You were on level 2 of the Dungeon.
You visited 1 branch of the dungeon, and saw 2 of its levels.

You collected 13 gold pieces.

Inventory:

Hand Weapons
 a - a +0 flail (weapon)
Armour
 b - a +0 scale mail (worn)
 c - a +0 buckler (worn)
 j - a +0 pair of gloves (worn)
Scrolls
 e - 2 scrolls of immolation {unknown}
 f - a scroll of silence {unknown}
 h - 2 scrolls of identify {unknown}
 i - a scroll of teleportation {unknown}
 k - a scroll of fear {unknown}
Potions
 d - a potion of might
 g - a potion of brilliance {unknown}


   Skills:
 + Level 3.8 Fighting
 + Level 2.3 Maces & Flails
 + Level 3.7 Armour
 + Level 3.5 Shields


You had 2 spell levels left.
You didn't know any spells.
Your spell library was empty.

Dungeon Overview and Level Annotations

Branches:
Dungeon (2/15)

Altars:

Annotations:
D:2 Robin


Innate Abilities, Weirdness & Mutations

You are immune to sickness and miasma.
Your stone body is resilient. (AC +3)
You are immune to poison.
You resist negative energy. (rN+)
You are resistant to electric shocks. (rElec)
You are resistant to unholy torment.
You are immune to petrification.


Message History

The goblin closely misses you. Robin throws the goblin at you!
You thump the goblin!
You kill the goblin!
A hobgoblin comes into view.
Robin throws the goblin at you! The goblin closely misses you.
The goblin hits you with a +0 club. The goblin barely misses you.
The bat closely misses you.
You hit the goblin.
You kill the goblin!
The bat hits you but does no damage. The goblin hits you but does no damage.
The goblin hits you with a +0 club.
A hobgoblin comes into view.
The goblin hits you with a +0 club. The goblin closely misses you.
The bat barely misses you. The hobgoblin hits you.
The goblin hits you with a +0 club. You block the goblin's attack.
Robin throws the goblin at you!
A goblin comes into view. It is wielding a +0 dagger.
The goblin barely misses you. The goblin closely misses you.
The goblin hits you but does no damage.
You closely miss the goblin.
The hobgoblin shouts!
The bat hits you but does no damage. The hobgoblin hits you.
* * * LOW HITPOINT WARNING * * *
The goblin hits you but does no damage. You block the goblin's attack.
The goblin closely misses you. The goblin hits you but does no damage.
The goblin barely misses you.
Found a bubbling inky potion.
The bat barely misses you. The goblin hits you with a +0 club.
* * * LOW HITPOINT WARNING * * *
The goblin hits you with a +0 dagger.
* * * LOW HITPOINT WARNING * * *
Robin throws the goblin at you!
* * * LOW HITPOINT WARNING * * *
You block the goblin's attack. The goblin attacks as you move away!
The goblin hits you but does no damage. The bat closely misses you.
Robin roars a battlecry!
The goblin hits you but does no damage. The hobgoblin attacks as you move away!
The hobgoblin hits you.
You die...

#+ ... .# ..## .##
....### ..## .. .
...####### ...#####
....##.....!... ⌠......#
#.......# # ..###..###
#.##@## g..
..#....†.####.#ggg#.....
<.#.#.##....†..gbggg....
..#....######.#)g.#g.#.#
..###..#####..##........
⌠...†...).##............
...##..#####...##.#..#..
..###### ....# .......
.## ...... ....#..


You could see Robin, 3 hobgoblins, 5 goblins and a bat.

Vanquished Creatures
  5 bats (D:1)
  3 endoplasms (D:1)
  A giant cockroach (D:1)
  3 goblins (D:2)
  4 hobgoblins
  3 ball pythons
  2 frilled lizards
  3 kobolds
  4 rats (D:1)
28 creatures vanquished.

Notes
Turn   | Place    | Note
-------+----------+-------------------------------------------
     0 | D:1      | AdnanSaban the Gargoyle Fighter began the quest for the
                  | Orb.
     0 | D:1      | Reached XP level 1. HP: 14/14 MP: 1/1
   130 | D:1      | Reached XP level 2. HP: 19/19 MP: 2/2
   834 | D:2      | Reached XP level 3. HP: 8/24 MP: 3/3
   927 | D:2      | Noticed Robin
   935 | D:2      | HP: 1/24 [Robin/goblin (2)]
   937 | D:2      | Slain by a hobgoblin

Illustrated notes

Levels and vault maps discovered:
D:1:      minmay_arrival_jagged, layout_basic, minmay_box_of_dots
D:2:      minmay_angry_zag, layout_basic, hangedman_decor_clover_reticule,
          grunt_ministairs_15, uniq_natasha, uniq_robin

Action                     || total
---------------------------++-------
  Melee: Flail             ||    83
 Armour: Scale mail        ||    66
  Dodge: Dodged            ||    60
  Block: Buckler           ||    33

Table legend: (Time is in decaauts)
 A = Elapsed time spent in this place.
 B = Non-inter-level travel time spent in this place.
 C = Inter-level travel time spent in this place.
 D = Time resting spent in this place.
 E = Time spent auto-exploring this place.
 F = Levels seen in this place.
 G = Mean time per level.
                   A        B        C        D        E       F      G
               +--------+--------+--------+--------+--------+-----+--------+
         Total |    963 |    921 |     42 |      0 |    716 |   2 |  481.5 |
       Dungeon |    963 |    921 |     42 |      0 |    716 |   2 |  481.5 |
               +--------+--------+--------+--------+--------+-----+--------+

Top non-repeatable levels by time:
     D:1: 819 daAuts
     D:2: 143 daAuts
